[Event "*** Titled Tuesday Blitz"]
[Site "Chess.com"]
[Date "2018.11.06"]
[Round "2"]
[White "playablecharacter"]
[Black "armago"]
[Result "1-0"]
[WhiteElo "2059"]
[BlackElo "2045"]
[TimeControl "180+2"]
[EndTime "13:20:35 PST"]
[Termination "playablecharacter won by resignation"]

1. d4 Nf6 2. c4 g6 3. Nc3 d5 4. cxd5 Nxd5 5. Bd2 Bg7 6. e3 O-O 7. Nf3 c5 8. Nxd5 Qxd5 9. Bc3 Nc6 10. Bb5 cxd4 11.
Bxc6 bxc6 12. Bxd4 Bxd4 13. Qxd4 Qb5 14. a4 Qa6 15.
Ne5 Be6 16. f4 Rfd8 17. Qc5 Bd5 18. Kf2 Rab8 19. b4 f6 20. Nf3 Bxf3 21. Kxf3 Qd3 22. Rhd1 Qxd1+ 23. Rxd1 Rxd1 24. Qxe7 Rbd8 25. Qxf6 R8d6 26.
Qe7 a6 27. Qb7 h5 28. Qxa6 Kf7 29. Qc4+ Kf6 30. a5 Ra1 31. Qc3+ 1-0

[Event "*** Titled Tuesday Blitz"]
[Site "Chess.com"]
[Date "2018.11.06"]
[Round "2"]
[White "ShadowJolteon"]
[Black "olksuna"]
[Result "0-1"]
[WhiteElo "2368"]
[BlackElo "2499"]
[TimeControl "180+2"]
[EndTime "13:20:37 PST"]
[Termination "olksuna won by checkmate"]

1. d4 d5 2. c4 e6 3. Nf3 c6 4. g3 f5 5. Bg2 Nf6 6. O-O Bd6 7. b3 Qe7 8. Bb2 O-O 9. Ne5 b6 10.
Nc3 Bb7 11. Rc1 Nbd7 12. f4 Rac8 13. cxd5 exd5 14. e3 Ne4 15. Nxe4 fxe4 16. Qg4 Nf6 17. Qe2 c5 18. Rfd1 Qe6 19. a3 c4 20. bxc4 dxc4 21.
Nxc4 Ba6 22. Bf1 Nd5 23. Qd2 Bxc4 24. Bxc4 Rxc4 25. Rxc4 Nxf4 26. d5 Nh3+ 27. Kg2 Qg4 28. Rf1 Rf3 29. Rcc1 h5 30. Qc3 Rxg3+ 31. hxg3 Qxg3+ 32. Kh1 Qh2# 0-1

[Event "*** Titled Tuesday Blitz"]
[Site "Chess.com"]
[Date "2018.11.06"]
[Round "2"]
[White "RegZryt"]
[Black "Angry_Twin"]
[Result "1-0"]
[WhiteElo "2496"]
[BlackElo "2763"]
[TimeControl "180+2"]
[EndTime "13:20:38 PST"]
[Termination "RegZryt won by resignation"]

1. d4 Nf6 2. c4 g6 3. Nc3 d5 4. Nf3 Bg7 5. h4 c6 6. Bg5 O-O 7. Bxf6 Bxf6 8. h5 g5 9. h6 Bf5 10. Qd2 e6 11. e3 Bg6 12. Bd3 Nd7 13. e4 dxc4 14. Bxc4 e5 15. dxe5 Nxe5 16. Nxe5 Qxd2+ 17. Kxd2 Bxe5 18. f3 b5 19. Bb3 a5 20. a3 Rfd8+ 21. Kc2 Kf8 22. Rad1 f5 23. Be6 f4 24. Rxd8+ Rxd8 25. Rd1 Rxd1 26. Nxd1 Ke7 27. Bc8 Kd8 28. Be6 Bd6 29. Nf2 Ke7 30. Bc8 Bf7 31. Bf5 Bc4 32. Nd3 Kf6 33. Bxh7 Bf8 34. e5+ Ke6 35.
Bg8+ Kf5 36. h7 Bg7 37. Bxc4 bxc4 38. Nc5 Kxe5 39. Nb7 Kd4 40. Nxa5 Ke3 41. Nxc4+ Kf2 42. a4 Kxg2 43. Nd2 1-0

[Event "*** Titled Tuesday Blitz"]
[Site "Chess.com"]
[Date "2018.11.06"]
[Round "2"]
[White "Mikhail_Golubev"]
[Black "gmcorrales"]
[Result "0-1"]
[WhiteElo "2417"]
[BlackElo "2740"]
[TimeControl "180+2"]
[EndTime "13:20:42 PST"]
[Termination "gmcorrales won by resignation"]

1. e4 c5 2. Nf3 Nc6 3. Nc3 Nf6 4.
d4 cxd4 5. Nxd4 d6 6. Bc4 e6 7. Be3 Be7 8. Qe2 O-O 9. O-O-O Na5 10. e5 Ne8 11. Bd3 dxe5 12. Ndb5 Bd7 13. Bxh7+ Kxh7 14. Qd3+ Kg8 15. Qxd7 Nf6 16. Qxd8 Rfxd8 17. Bxa7 Rdc8 18. h3 Nc4 19. f3 b6 20. b3 Na3 21. Kb2 Nxb5 22.
Nxb5 Rc5 23. a4 Rxb5 24. axb5 Rxa7 25. Ra1 Rc7 26. Ra8+ Kh7 27. c4 e4 28. Rf1 e3 29.
Re1 Bc5 30. Kc3 Rd7 31. b4 Bd4+ 32. Kb3 e5 33. c5 bxc5 34. b6 cxb4 35. Ra7 Rxa7 36.
bxa7 Bxa7 37. Kxb4 Nh5 38. Kc4 Nf4 39. g3 Nh5 40. g4 Nf4 0-1

[Event "*** Titled Tuesday Blitz"]
[Site "Chess.com"]
[Date "2018.11.06"]
[Round "2"]
[White "ChessicallyInclined"]
[Black "Bauxi435"]
[Result "0-1"]
[WhiteElo "2401"]
[BlackElo "2432"]
[TimeControl "180+2"]
[EndTime "13:20:46 PST"]
[Termination "Bauxi435 won by resignation"]

1. d4 Nf6 2. c4 e6 3. Nc3 d5 4. cxd5 Nxd5 5. e4 Nxc3 6. bxc3 c5 7.
a3 cxd4 8. cxd4 e5 9. Nf3 exd4 10. Qxd4 Qxd4 11. Nxd4 Bc5 12. Nb5 Na6 13. Bb2 O-O 14. Bc4 Bd7 15. O-O Rac8 16. Rac1 Bxb5 17. Bxb5 Bb6 18.
Bxa6 bxa6 19. g3 f6 20. Kg2 Rb8 21. f4 Kf7 22. Rfd1 Rfd8 23. Kf3 Rxd1 24. Rxd1 Ke7 25. Rd5 Bg1 26. Bc3 Rb3 27. Rd3 Ke8 28. Ke2 Rxa3 29.
Be1 Ra2+ 30. Kf3 Rxh2 31. Ra3 Bb6 32. Rxa6 Rb2 33. Kg4 Kd7 34. Ra1 Kc6 35. Kf5 Re2 36.
Bb4 Kb5 37. Bf8 g6+ 38. Kxf6 Rxe4 39. Kg7 Bd4+ 40. Kxh7 Bxa1 41. Kxg6 Re3 42. g4 Re8 43. Kf7 Re4 44. Bd6 Kc6 45. Bb8 a5 46. g5 a4 47. g6 a3 48. g7 Bxg7 49. Kxg7 a2 50. Be5 Rxe5 51. fxe5 a1=Q 0-1

[Event "*** Titled Tuesday Blitz"]
[Site "Chess.com"]
[Date "2018.11.06"]
[Round "2"]
[White "Alopekos"]
[Black "WorldChampionBulletChess"]
[Result "1-0"]
[WhiteElo "2476"]
[BlackElo "2290"]
[TimeControl "180+2"]
[EndTime "13:20:47 PST"]
[Termination "Alopekos won by checkmate"]

1. e4 d5 2. exd5 Qxd5 3. Nc3 Qd8 4. d4 Nf6 5. Bc4 e6 6. Nf3 Bd6 7. O-O h6 8. Re1 O-O 9. Nb5 Be7 10. Bf4 Na6 11.
Ne5 c6 12. Nc3 Nc7 13. Qf3 Ncd5 14. Bg3 Nxc3 15. bxc3 Nd5 16. a4 Bf6 17. a5 Bd7 18.
Reb1 b6 19. axb6 Nxb6 20. Bd3 Bxe5 21. Bxe5 f6 22. Bd6 Re8 23. c4 e5 24. dxe5 fxe5 25. Qe4 Re6 26. Qh7+ Kf7 27. c5 Nd5 28. Rb7 a5 29. Qf5+ Kg8 30. Qh7+ Kf7 31. Bf5 Nf6 32. Qg6+ Kg8 33. Bxe6+ Bxe6 34. Qxg7# 1-0

[Event "*** Titled Tuesday Blitz"]
[Site "Chess.com"]
[Date "2018.11.06"]
[Round "2"]
[White "Peroncio"]
[Black "KenanGarayev"]
[Result "0-1"]
[WhiteElo "2645"]
[BlackElo "2742"]
[TimeControl "180+2"]
[EndTime "13:20:50 PST"]
[Termination "KenanGarayev won by resignation"]

1. g3 g6 2. Bg2 Bg7 3. f4 d5 4.
Nf3 c5 5. O-O Nc6 6. d3 e6 7. c3 Nge7 8. e4 O-O 9. Qc2 b6 10.
Na3 a5 11. Be3 Ba6 12. Rfd1 Rc8 13. Bf2 Qc7 14. Rac1 Rfd8 15. e5 h5 16. h3 b5 17.
g4 b4 18. Nb1 Bh6 19. Bg3 Qb6 20. Qf2 a4 21. gxh5 gxh5 22. Ng5 Nf5 23. Bh2 a3 24. bxa3 Nxe5 25. Qe2 Ng6 26. Qxh5 Bxg5 27. fxg5 Bxd3 28. Kh1 Be4 29. Rf1 Bxg2+ 30. Kxg2 Ne3+ 31. Kh1 Nxf1 32. Rxf1 d4 33. Rf6 Qc6+ 34. Kg1 Qe4 35. Nd2 Qe3+ 36. Kf1 Qd3+ 37. Kg1 dxc3 38. Nf3 c2 39. Bf4 Rd7 40.
Bc1 Qd1+ 41. Kg2 Qe2+ 42. Kg3 Qe4 43. Bb2 Rd4 44. Nxd4 cxd4 45. Bxd4 Qxd4 46. Rxg6+ fxg6 47. Qxg6+ Kf8 48. Qh6+ Ke7 49. Qh7+ Kd6 0-1

[Event "*** Titled Tuesday Blitz"]
[Site "Chess.com"]
[Date "2018.11.06"]
[Round "2"]
[White "BvsN"]
[Black "Morshynska"]
[Result "1-0"]
[WhiteElo "2225"]
[BlackElo "2065"]
[TimeControl "180+2"]
[EndTime "13:20:55 PST"]
[Termination "BvsN won by checkmate"]

1. d4 Nf6 2. c4 e6 3. Nc3 Bb4 4. f3 Nc6 5. a3 Bxc3+ 6. bxc3 b6 7. e4 Ba6 8. e5 Ng8 9. Nh3 Na5 10. Qa4 Ne7 11. Bd3 O-O 12. Bg5 h6 13.
Bh4 d5 14. Bb1 Bxc4 15. Qc2 g6 16. Bf6 Qd7 17. Qd2 Kh7 18. Qf4 Nf5 19. Bxf5 exf5 20. Ng5+ Kg8 21. Qh4 h5 22. Nh3 Rae8 23. Nf4 Re6 24.
Nxh5 Rfe8 25. Qg5 Qd6 26. Kf2 Qf8 27. Bg7 Qxg7 28. Nxg7 Kxg7 29. h4 Rh8 30. h5 Rh6 31.
hxg6 Rexg6 32. Qf4 Rxh1 33. Rxh1 Nb3 34. Qxf5 Nd2 35.
Qc8 c5 36. Qh8# 1-0

[Event "*** Titled Tuesday Blitz"]
[Site "Chess.com"]
[Date "2018.11.06"]
[Round "2"]
[White "twitchTriniCupid"]
[Black "aRk_iN"]
[Result "1-0"]
[WhiteElo "2254"]
[BlackElo "2107"]
[TimeControl "180+2"]
[EndTime "13:20:57 PST"]
[Termination "twitchTriniCupid won by resignation"]

1. d4 d5 2. c4 c6 3. cxd5 cxd5 4.
Nc3 Nf6 5. Bf4 a6 6. Rc1 Nc6 7. e3 Bf5 8. Nf3 e6 9. Be2 Be7 10. O-O O-O 11. Nh4 Be4 12. f3 Bg6 13. g4 Nd7 14. Nxg6 hxg6 15. Qd2 Rc8 16. e4 Nxd4 17.
Bd1 e5 18. Be3 dxe4 19. Nxe4 Rxc1 20. Qxc1 f5 21. Nf2 Qc8 22. Qd2 Bc5 23. b4 Bb6 24. Nd3 Qc6 25. gxf5 gxf5 26. f4 e4 27. Ne5 Nxe5 28.
fxe5 Ne6 29. Bb3 Bxe3+ 30. Qxe3 g6 31. Rc1 Qd7 32. Rd1 Qc6 33. Rd6 f4 34. Bxe6+ Kg7 35. Rxc6 fxe3 36. Rc2 1-0

[Event "*** Titled Tuesday Blitz"]
[Site "Chess.com"]
[Date "2018.11.06"]
[Round "2"]
[White "jcibarra"]
[Black "Alexander_Donchenko"]
[Result "0-1"]
[WhiteElo "2630"]
[BlackElo "2746"]
[TimeControl "180+2"]
[EndTime "13:20:58 PST"]
[Termination "Alexander_Donchenko won by checkmate"]

1. Nf3 Nf6 2. g3 b6 3. Bg2 Bb7 4. c4 g6 5. O-O Bg7 6. Nc3 O-O 7.
Re1 Ne4 8. Nxe4 Bxe4 9. d3 Bb7 10. e4 c5 11. d4 cxd4 12. Nxd4 Nc6 13. Be3 Rc8 14. Rc1 d6 15. Qd2 Qd7 16. Nb5 Ba8 17. b3 Rfd8 18. Red1 Ne5 19. h3 Qb7 20. f4 Nd7 21.
Kh2 Nc5 22. Nc3 Bxc3 23. Qxc3 Nxe4 24. Qd4 f5 25. Rc2 Qd7 26. Bxe4 Bxe4 27. Rf2 b5 28.
Bc1 Rc7 29. Rfd2 Kf7 30. Bb2 Rg8 31. c5 d5 32. b4 Qe6 33. Re1 Rcc8 34. a4 a6 35. axb5 axb5 36. Ra1 g5 37. Rf2 Qh6 38. Ra7 Rc6 39. Bc1 Qxh3+ 40. Kxh3 Rh6# 0-1

[Event "*** Titled Tuesday Blitz"]
[Site "Chess.com"]
[Date "2018.11.06"]
[Round "2"]
[White "nearestway"]
[Black "lucasmito"]
[Result "1-0"]
[WhiteElo "2506"]
[BlackElo "2466"]
[TimeControl "180+2"]
[EndTime "13:21:02 PST"]
[Termination "nearestway won by resignation"]

1. Nf3 Nf6 2. c4 c5 3. Nc3 d5 4.
cxd5 Nxd5 5. g3 g6 6. Bg2 Nc6 7. O-O Bg7 8. Nxd5 Qxd5 9. d3 O-O 10. a3 Bd7 11. Rb1 Rac8 12. Be3 Qh5 13. b4 cxb4 14.
axb4 b6 15. Qa4 a5 16. b5 Nb4 17. Bxb6 Nd5 18. Bd4 Nc3 19. Bxc3 Bxc3 20. Nd4 Rfd8 21. Bf3 Qe5 22. Nc6 Bxc6 23. bxc6 Rd4 24. Qa2 Rb4 25.
Rbc1 Bd4 26. e3 Bb6 27. Rb1 Rb8 28. d4 Qf5 29. Rxb4 axb4 30. Bd1 e6 31. Bb3 Qf6 32. Rc1 Bc7 33. Ra1 Qd8 34. Qc2 Rb6 35. Qe4 Kg7 36.
Qc2 h5 37. h4 Qd6 38. Rc1 Rb8 39.
Kg2 Rb6 40. Qe4 Kf8 41. Qc2 Kg7 42. Qc4 f5 43. Qc2 Rb8 44. e4 Rc8 45. Qd3 Bb6 46. exf5 exf5 47. d5 Rc7 48. Qa6 Ba7 49. Re1 f4 50. Re6 f3+ 51. Kh3 Qf8 52. Qa5 Qf5+ 53. Kh2 Rf7 54. Qa1+ Kh6 55. Qc1+ Kh7 56. Bc2 Qg4 57.
Rxg6 1-0

[Event "*** Titled Tuesday Blitz"]
[Site "Chess.com"]
[Date "2018.11.06"]
[Round "2"]
[White "GMMelik"]
[Black "Sordis"]
[Result "1-0"]
[WhiteElo "2441"]
[BlackElo "2268"]
[TimeControl "180+2"]
[EndTime "13:21:03 PST"]
[Termination "GMMelik won by resignation"]

1. e4 c5 2. Nf3 d6 3. d4 cxd4 4.
Nxd4 Nf6 5. Nc3 g6 6. Be3 Bg7 7.
f3 O-O 8. Qd2 Nc6 9. O-O-O d5 10. Qe1 e6 11. exd5 exd5 12. Qh4 Re8 13. Bg5 Nxd4 14.
Rxd4 Qb6 15. Bxf6 Qxf6 16. Qxf6 Bxf6 17. Rxd5 Bxc3 18. bxc3 Be6 19. Rd4 Rec8 20. Kb2 Rc7 21. c4 Rac8 22. Kc3 b5 23. Bd3 Bxc4 24. Bxc4 Rxc4+ 25.
Rxc4 Rxc4+ 26. Kb3 Kf8 27. Rd1 Ke7 28. c3 a6 29. g3 h6 30. h4 h5 31. Rd5 Rc6 32.
g4 hxg4 33. fxg4 Rc4 34. Rd4 Rxd4 35. cxd4 f5 36. gxf5 gxf5 37. Kc2 a5 38. h5 b4 39. h6 Kf6 40. d5 f4 41. d6 f3 42. d7 Ke7 43. h7 f2 44. d8=Q+ Kxd8 45. h8=Q+ Kc7 46.
Qf6 1-0

[Event "*** Titled Tuesday Blitz"]
[Site "Chess.com"]
[Date "2018.11.06"]
[Round "2"]
[White "XDPS"]
[Black "Msb2"]
[Result "0-1"]
[WhiteElo "2608"]
[BlackElo "2878"]
[TimeControl "180+2"]
[EndTime "13:21:04 PST"]
[Termination "Msb2 won by resignation"]

1. d4 d5 2. Bf4 c5 3. e3 Nc6 4.
Nf3 Nf6 5. c3 Qb6 6. Qc1 Bf5 7.
Nbd2 e6 8. Be2 h6 9. O-O Rc8 10.
h3 Be7 11. Re1 O-O 12. Bf1 Ne4 13. Ne5 cxd4 14. Nxe4 Nxe5 15. Bxe5 Bxe4 16. exd4 Qc6 17. a4 a6 18. Qd2 Qb6 19. Re3 Bg5 20. f4 Be7 21. f5 Bg5 22. f6 gxf6 23. Rg3 fxe5 24. h4 exd4 25. cxd4 f6 26. Re1 Rc2 27. Qd1 Qxb2 28.
Qh5 Qxd4+ 29. Kh2 Kg7 30. Rb1 Rc7 31. Rd1 Qe5 32. Bd3 Bxd3 33. Rxd3 Rh8 34. Re3 Qd6 35. Rf3 Rf7 36. hxg5 hxg5 0-1

[Event "*** Titled Tuesday Blitz"]
[Site "Chess.com"]
[Date "2018.11.06"]
[Round "2"]
[White "CarlssonLudvig"]
[Black "ViktorMatviishen"]
[Result "0-1"]
[WhiteElo "2263"]
[BlackElo "2437"]
[TimeControl "180+2"]
[EndTime "13:21:04 PST"]
[Termination "ViktorMatviishen won by resignation"]

1. e4 c5 2. Nf3 d6 3. Bb5+ Bd7 4. Bxd7+ Qxd7 5. c4 Nf6 6. Nc3 Nc6 7. O-O e5 8.
d3 g6 9. Bg5 Nh5 10. Nd5 Bg7 11. Rb1 O-O 12. a3 f5 13. Bd2 fxe4 14. dxe4 Nd4 15.
Nxd4 cxd4 16. b4 Rac8 17. Qb3 b5 18. cxb5 Kh8 19. a4 Qf7 20. f3 g5 21. Bxg5 Qg6 22. Bd2 Rf7 23. Rbc1 Rg8 24. Rf2 Bf6 25. Be1 Bh4 26.
Rfc2 Bxe1 27. Rxe1 Qg5 28. Qd3 Ng7 29. a5 Ne6 30. b6 axb6 31. axb6 h5 32. Kh1 h4 33.
Qd2 Qh5 34. Rf1 h3 35. Qe1 hxg2+ 36. Rxg2 Rxg2 37. Kxg2 Rh7 38. Qg3 Rg7 39. b7 Rxb7 40. Rc1 Rb8 41. Nf6 Qh6 42. Qh3 Nf4+ 0-1

[Event "*** Titled Tuesday Blitz"]
[Site "Chess.com"]
[Date "2018.11.06"]
[Round "2"]
[White "Alexander_Moskalenko"]
[Black "pultineviciuspaulius"]
[Result "1-0"]
[WhiteElo "2874"]
[BlackElo "2572"]
[TimeControl "180+2"]
[EndTime "13:21:06 PST"]
[Termination "Alexander_Moskalenko won on time"]

1. e4 e5 2. Nf3 Nc6 3. Bc4 Nf6 4. Ng5 d5 5. exd5 Na5 6. Bb5+ c6 7. dxc6 bxc6 8. Bd3 h6 9. Ne4 Nd5 10. O-O g6 11. Nbc3 Nf4 12. Be2 Bg7 13. d3 O-O 14. Bf3 Ne6 15. g3 Nd4 16. Bg2 Qe7 17. Re1 Be6 18. a4 Rfd8 19. b3 Rac8 20. Ba3 c5 21.
Nxc5 Rxc5 22. Ne4 Nb7 23. Nxc5 Nxc5 24. Rb1 Qc7 25. c4 a5 26. b4 axb4 27. Bxb4 Bf5 28.
Bxc5 Qxc5 29. Be4 Bxe4 30. Rxe4 f5 31. Re3 Qc6 32. a5 e4 33. dxe4 fxe4 34. Qg4 Nf3+ 35. Kg2 h5 36. Qxe4 Qxe4 37. Rxe4 Nd2 38. Rd1 Bc3 39.
a6 Ra8 40. Re3 Bb4 41. Re6 Kf7 42. Rb6 Bc3 43. Rc6 Ra7 44. h4 Kg7 45. c5 Rf7 46.
Rb6 Kh6 47. Rb7 Rf6 48. a7 Ra6 49. c6 1-0

[Event "*** Titled Tuesday Blitz"]
[Site "Chess.com"]
[Date "2018.11.06"]
[Round "2"]
[White "pKiLz5Rn9b"]
[Black "MFBerna"]
[Result "0-1"]
[WhiteElo "2707"]
[BlackElo "2361"]
[TimeControl "180+2"]
[EndTime "13:21:06 PST"]
[Termination "MFBerna won on time"]

1. b3 e5 2. Bb2 Nc6 3. e3 d5 4. Bb5 Bd6 5. Nf3 Qe7 6. c4 dxc4 7. bxc4 Bd7 8. Nc3 Nf6 9. Nd5 Nxd5 10. cxd5 Nb4 11.
Bxd7+ Qxd7 12. Qb3 e4 13. Ne5 Bxe5 14. Qxb4 Qxd5 15.
Bxe5 Qxe5 16. O-O O-O-O 17. Rfc1 Kb8 18. Rab1 b6 19. a4 a5 20. Qc4 f5 21. Rb5 Qd6 22.
Rxf5 Rhe8 23. Rc2 Re7 24. Rf4 Qd3 25. Qc6 g5 26. Rf5 Qe2 27. h3 g4 28. hxg4 Qxg4 29.
Rb5 Qd1+ 30. Kh2 Rg8 31. Rcb2 Rxg2+ 32. Kxg2 Rg7+ 0-1

[Event "*** Titled Tuesday Blitz"]
[Site "Chess.com"]
[Date "2018.11.06"]
[Round "2"]
[White "Andrew-FB00"]
[Black "Perecke"]
[Result "0-1"]
[WhiteElo "1760"]
[BlackElo "1999"]
[TimeControl "180+2"]
[EndTime "13:21:07 PST"]
[Termination "Perecke won on time"]

1. e4 e5 2. Nf3 Nc6 3. Bb5 a6 4. Ba4 Nf6 5. d4 exd4 6. O-O b5 7. Bb3 Bc5 8. e5 Ng8 9. Re1 Nge7 10. Bg5 O-O 11.
Bxe7 Qxe7 12. Bd5 Bb7 13. Bxc6 Bxc6 14. Nxd4 Bb7 15. c3 Qg5 16. f3 d6 17. exd6 Bxd6 18. Qd2 Qh4 19. h3 Qg3 20. Na3 Qh2+ 21. Kf1 Bg3 22. Ke2 Qxg2+ 23. Kd3 Qxd2+ 24. Kxd2 Bxe1+ 25. Rxe1 c5 26. Nf5 Bxf3 27. Nc2 Rfd8+ 28. Kc1 Re8 29. Nce3 g6 30. Nh6+ Kg7 31. Nhg4 Bxg4 32. hxg4 Re6 33. Kd2 Rd8+ 34. Ke2 Rde8 35. Kf2 Kh8 0-1

[Event "*** Titled Tuesday Blitz"]
[Site "Chess.com"]
[Date "2018.11.06"]
[Round "2"]
[White "alishersuleymenov"]
[Black "ruvat"]
[Result "1-0"]
[WhiteElo "2495"]
[BlackElo "2297"]
[TimeControl "180+2"]
[EndTime "13:21:12 PST"]
[Termination "alishersuleymenov won on time"]

1. d4 d6 2. Nf3 g6 3. c4 Bg7 4. Nc3 Bg4 5. g3 Bxf3 6. exf3 Nc6 7. Be3 e5 8. dxe5 dxe5 9. Qb3 Nge7 10. Bg2 Nd4 11.
Bxd4 exd4 12. Ne4 O-O 13. O-O b6 14. f4 c5 15. Rfe1 Qc7 16. Re2 Rad8 17. Rae1 Nc6 18. a3 Qd7 19. Qd3 Rfe8 20. h4 Re7 21.
Kh2 Qc7 22. Ng5 Rde8 23. Bxc6 Rxe2 24. Bxe8 Rxe1 25. Bxf7+ Kh8 26. Bxg6 hxg6 27. Qxg6 Kg8 28. h5 d3 29. h6 d2 30. Qh7+ Kf8 31. Qf5+ Kg8 32. Qd5+ Kh8 33. Nf7+ Kh7 34. Qf5+ Kg8 35. h7+ Kf8 36. Ne5+ 1-0

[Event "*** Titled Tuesday Blitz"]
[Site "Chess.com"]
[Date "2018.11.06"]
[Round "2"]
[White "GianmarcoVaR"]
[Black "PowerThinking2650"]
[Result "1-0"]
[WhiteElo "2496"]
[BlackElo "2291"]
[TimeControl "180+2"]
[EndTime "13:21:14 PST"]
[Termination "GianmarcoVaR won by resignation"]

1. d4 Nf6 2. c4 g6 3. g3 Bg7 4.
Bg2 O-O 5. Nc3 d6 6. Nf3 Nbd7 7. O-O e5 8. e4 exd4 9. Nxd4 Re8 10. h3 Nc5 11. Re1 Bd7 12. b3 Qc8 13. Kh2 Re5 14. f3 Rh5 15. h4 Re5 16. Bf4 Re8 17. Qd2 Nh5 18. Be3 Be5 19. Nce2 Qd8 20. Bg5 f6 21. Be3 f5 22. Bg5 Qc8 23. exf5 Bxf5 24. Rad1 Nd3 25. Nxf5 Nxe1 26. Nh6+ Kg7 27. Rxe1 Rf8 28. Bh3 Qe8 29.
f4 Bf6 30. Nd4 Qb8 31. Ne6+ Kh8 32. g4 Ng7 33. Bxf6 Rxf6 34. Qd4 Rxe6 35. Rxe6 Qf8 36. g5 c5 37. Qf6 Qxf6 38. Rxf6 Re8 39. Bg2 b5 40.
cxb5 a6 41. bxa6 Ra8 42. Bxa8 1-0

[Event "*** Titled Tuesday Blitz"]
[Site "Chess.com"]
[Date "2018.11.06"]
[Round "2"]
[White "MITerryble"]
[Black "FMJoseHerrera"]
[Result "1-0"]
[WhiteElo "2754"]
[BlackElo "2525"]
[TimeControl "180+2"]
[EndTime "13:21:16 PST"]
[Termination "MITerryble won on time"]

1. e4 c5 2. Nf3 e6 3. Nc3 a6 4.
g3 Qc7 5. Bg2 b5 6. O-O Bb7 7.
d3 d6 8. Ng5 Nf6 9. f4 Nbd7 10.
Bd2 Be7 11. Qe2 h6 12. Nh3 h5 13. Ng5 h4 14. g4 h3 15. Nxh3 g6 16. Ng5 c4 17. d4 b4 18. Nd1 a5 19. c3 e5 20.
fxe5 dxe5 21. d5 Nc5 22. Nf2 Rd8 23. Be3 Nd3 24. Nxd3 cxd3 25. Qf3 bxc3 26. bxc3 Bc8 27. Nxf7 Kxf7 28. g5 Rdf8 29. gxf6 Bc5 30. Qf2 Bd6 31. Rac1 Ba3 32. Rb1 Qxc3 33. Rb3 Qc7 34. Rxa3 Rh5 35. Qd2 Rfh8 36. Qxa5 Rxh2 37. Qxc7+ 1-0

[Event "*** Titled Tuesday Blitz"]
[Site "Chess.com"]
[Date "2018.11.06"]
[Round "2"]
[White "Makalexa"]
[Black "Keures"]
[Result "1-0"]
[WhiteElo "2138"]
[BlackElo "2209"]
[TimeControl "180+2"]
[EndTime "13:21:17 PST"]
[Termination "Makalexa won by checkmate"]

1. e4 e6 2. d4 d5 3. Nc3 Bb4 4. e5 b6 5. a3 Bf8 6. Nf3 Qd7 7. g3 Ne7 8. Nh4 c5 9. Ne2 Ba6 10. c3 Nbc6 11. Be3 Na5 12. Bg2 h6 13. b4 cxd4 14. cxd4 Nc4 15. O-O Rc8 16. a4 Nxe3 17.
fxe3 Bc4 18. Nf4 Bxf1 19. Bxf1 g6 20. Bb5 Nc6 21. Rc1 Kd8 22. Qc2 Nxb4 23. Qb1 Rxc1+ 24. Qxc1 Qe7 25. Nhxg6 fxg6 26. Nxg6 Qh7 27. Nxh8 Qxh8 28. a5 Qg7 29. axb6 axb6 30. Qa3 Qb7 31. Qc1 Qa7 32.
Qf1 Bg7 33. Kg2 Qa2+ 34. Kh3 Qa7 35. Qf3 Qe7 36. Qh5 Nc2 37. Qg6 Nxe3 38. Qh7 Nf5 39.
Qg8+ Kc7 40. Qa8 Nxd4 41. Qa7+ Kd8 42. Qb8# 1-0

[Event "*** Titled Tuesday Blitz"]
[Site "Chess.com"]
[Date "2018.11.06"]
[Round "2"]
[White "Fins0905"]
[Black "wonderfultime"]
[Result "1-0"]
[WhiteElo "2578"]
[BlackElo "2824"]
[TimeControl "180+2"]
[EndTime "13:21:19 PST"]
[Termination "Fins0905 won by resignation"]

1. e4 c5 2. Nf3 d6 3. d4 cxd4 4. Nxd4 Nf6 5. Nc3 g6 6. Be3 Bg7 7. f3 O-O 8. Qd2 Nc6 9. Bc4 Bd7 10. O-O-O Rb8 11. Bb3 Na5 12. Bh6 b5 13. h4 b4 14.
Nd5 Nxb3+ 15. cxb3 Nxd5 16. exd5 Qa5 17. Bxg7 Kxg7 18.
h5 Qxa2 19. Kc2 Rbc8+ 20. Kd3 Qa6+ 21. Ke3 g5 22. h6+ Kh8 23. Kf2 Qb6 24. Kg3 Qc5 25. Rhe1 Rce8 26. Nc2 f5 27. Nxb4 Rf6 28. Qd4 Qxd4 29.
Rxd4 Rxh6 30. Rc4 e5 31. Rc7 Bb5 32. Rxa7 f4+ 33. Kf2 g4 34. fxg4 Rg8 35. Rc1 e4 36. Rb7 Be8 37. Rc8 Rh4 38. Rbb8 Bg6 1-0

[Event "*** Titled Tuesday Blitz"]
[Site "Chess.com"]
[Date "2018.11.06"]
[Round "2"]
[White "kharov2001"]
[Black "DonPreuss"]
[Result "1-0"]
[WhiteElo "2229"]
[BlackElo "2145"]
[TimeControl "180+2"]
[EndTime "13:21:19 PST"]
[Termination "kharov2001 won by resignation"]

1. e4 e5 2. Nf3 d5 3. d4 dxe4 4. Nxe5 Bd6 5. Bc4 Bxe5 6. Qh5 Qe7 7. Qxe5 Qxe5 8. dxe5 Nc6 9. Bf4 Nge7 10. Bg3 Ng6 11. Bd5 Ncxe5 12. Bxe4 c6 13. O-O f5 14. f4 Nc4 15.
Bf3 Nxb2 16. Re1+ Kd8 17. Nc3 Kc7 18. Rab1 Nc4 19. Bh5 Bd7 20. Rb4 Nb6 21. a4 Rhe8 22.
a5 Rxe1+ 23. Bxe1 Nd5 24. Nxd5+ cxd5 25. g3 Re8 26. Bf2 Kb8 27. Bf3 Bc6 28. Bd4 Re1+ 29. Kf2 Rc1 30. c3 Rc2+ 31. Kg1 a6 32. Bxg7 Kc8 33. Bd4 Kd7 34. Rb1 Nf8 35. Re1 Ne6 36.
Be5 Ra2 37. g4 d4 38. Bxc6+ bxc6 39. gxf5 Nd8 40. Bxd4 Nf7 41. f6 Rc2 42. Re7+ 1-0

[Event "*** Titled Tuesday Blitz"]
[Site "Chess.com"]
[Date "2018.11.06"]
[Round "2"]
[White "Paparama_1917"]
[Black "Pudor"]
[Result "1-0"]
[WhiteElo "2576"]
[BlackElo "2301"]
[TimeControl "180+2"]
[EndTime "13:21:24 PST"]
[Termination "Paparama_1917 won by resignation"]

1. e4 c5 2. f4 d5 3. exd5 Nf6 4. Bb5+ Bd7 5. Bxd7+ Qxd7 6. Nc3 Nxd5 7.
Nxd5 Qxd5 8. Qf3 Qxf3 9. Nxf3 Nc6 10. d3 e6 11. Be3 Be7 12. Kf2 O-O 13. c3 Rab8 14.
Rad1 b5 15. d4 cxd4 16. Nxd4 Nxd4 17. Rxd4 Bf6 18. Rd7 b4 19. cxb4 Rxb4 20. b3 Rc8 21. Rhd1 a5 22. Ra7 a4 23. Rxa4 Rxa4 24. bxa4 Ra8 25.
Rc1 h5 26. Rc4 Ra6 27. Ke2 Kh7 28. Kd3 Kg6 29. Ke4 Bd8 30. h3 h4 31. Bf2 Be7 32. Be1 Bd8 33. a5 Rd6 34. Bc3 f5+ 35. Ke3 Ra6 36.
Ra4 Bc7 37. Kd3 Rd6+ 38. Kc2 Ra6 39. Kb3 Kf7 40. Be5 Bd8 41. Kb4 1-0

[Event "*** Titled Tuesday Blitz"]
[Site "Chess.com"]
[Date "2018.11.06"]
[Round "2"]
[White "mouseWLZ"]
[Black "nitpicker"]
[Result "1-0"]
[WhiteElo "2211"]
[BlackElo "2170"]
[TimeControl "180+2"]
[EndTime "13:21:27 PST"]
[Termination "mouseWLZ won on time"]

1. e4 c5 2. Nf3 d6 3. d4 cxd4 4. Nxd4 Nf6 5. f3 Nc6 6. c4 g6 7. Nc3 Bg7 8. Be3 O-O 9. Be2 a6 10. O-O Bd7 11. Qd2 Rc8 12. Kh1 Ne5 13. b3 Qa5 14.
Nd5 Qd8 15. Nc3 Qa5 16. Rfd1 Rfe8 17. Rac1 h5 18. Nd5 Qxd2 19. Bxd2 Nxd5 20. cxd5 Rxc1 21. Rxc1 Rc8 22. Rxc8+ Bxc8 23. Nc2 f5 24. Kg1 fxe4 25. fxe4 e6 26. Bb4 exd5 27. exd5 Nf7 28. Bd3 Kh7 29. Ne3 Bd4 30. Kf2 Ne5 31. Be2 Nf7 32. Kf3 b6 33.
Ke4 Bc5 34. Bxc5 bxc5 35. Nc4 Kg7 36. h3 Kf6 37. a3 Bf5+ 38. Ke3 Ke7 39. Nb6 Bc2 40. b4 cxb4 41. axb4 Ne5 42. Bxa6 Bb3 43. Bb5 Kd8 44. Kd4 Kc7 45. Nc4 Nxc4 46. Bxc4 Bc2 47.
Bd3 Bb3 48. Bxg6 h4 49. Be8 Bc2 50. Ke3 Kd8 51. Bc6 Kc7 52. Kf4 1-0

[Event "*** Titled Tuesday Blitz"]
[Site "Chess.com"]
[Date "2018.11.06"]
[Round "2"]
[White "Lovkov_Roman"]
[Black "Firouzja2003"]
[Result "0-1"]
[WhiteElo "2601"]
[BlackElo "2952"]
[TimeControl "180+2"]
[EndTime "13:21:28 PST"]
[Termination "Firouzja2003 won by resignation"]

1. d4 Nf6 2. c4 e6 3. g3 d5 4. Nf3 dxc4 5. Bg2 Bb4+ 6. Bd2 a5 7. O-O O-O 8. Na3 Bxa3 9. bxa3 c6 10. a4 b5 11. Qc2 Ba6 12. Bg5 h6 13. Bxf6 Qxf6 14. Ne5 Ra7 15. Rfc1 Rd8 16. e3 Qe7 17. Bxc6 b4 18.
Bg2 c3 19. a3 Bb7 20. axb4 axb4 21. Qb3 Bxg2 22. Kxg2 Qb7+ 23. Kg1 Na6 24. Rab1 Rb8 25. Qc4 Qc7 26. Qd3 Rd8 27. Qe4 Rb7 28. Rb3 Rd5 29. Qf3 Rxe5 30. dxe5 Nc5 31. Rbxc3 bxc3 32. Rxc3 Qxe5 33.
Rc1 Qe4 34. Qxe4 Nxe4 35. a5 Ra7 36. Rc4 Nd6 37. Rc6 Nb5 38. a6 Nc7 39. Rc4 Nxa6 40. Ra4 Ra8 41. h4 Nc7 42. Rc4 Ne8 43. Kg2 Nf6 44. Kf3 g5 45. hxg5 hxg5 46. g4 Kg7 47.
Rc5 Kg6 48. Rb5 Ra4 0-1